 Dungeon Crawl Stone Soup version 0.19-a0-1498-g0b85ae9 (webtiles) character file.

150 Leszczynek the Cudgeler (level 5, -1/53 HPs)
             Began as an Ogre Necromancer on Sept 10, 2016.
             Killed from afar by an orc wizard (7 damage)
             ... with a magic dart
             ... on level 4 of the Dungeon.
             The game lasted 00:09:23 (1681 turns).

Leszczynek the Cudgeler (Ogre Necromancer)          Turns: 1681, Time: 00:09:24

Health: -1/53      AC:  3    Str: 13    XL:     5   Next: 32%
Magic:  8/8        EV: 10    Int: 19    God:
Gold:   138        SH:  0    Dex: 11    Spells: 2 memorised, 6 levels left

rFire  . . .     SeeInvis .     p - +0 spear
rCold  . . .     Gourm    .     j - +0 robe
rNeg   . . .     Faith    .     (no shield)
rPois  +         Spirit   .     (helmet restricted)
rElec  .         Dismiss  .     (no cloak)
rCorr  .         Reflect  .     (gloves unavailable)
MR     .....     Harm     .     (boots unavailable)
Stlth  +.........               (no amulet)
                                (no ring)
                                (no ring)

@: confused, brilliant
A: unfitting armour, poison resistance, tough skin 1, subdued magic 1,
MP-powered wands
a: no special abilities


You were on level 4 of the Dungeon.
You were not hungry.

You visited 1 branch of the dungeon, and saw 4 of its levels.

You collected 138 gold pieces.

Inventory:

Hand Weapons
 a - a +0 short sword
 e - a +0 dagger
 i - a -2 flail
 l - a +0 club
 p - a +0 spear (weapon)
Missiles
 o - 6 curare-tipped needles
Armour
 j - a +0 robe (worn)
Scrolls
 h - a scroll of immolation
 u - a scroll of identify {unknown}
Books
 b - a book of Necromancy

   Spells                             Type                      Level
   a - Pain                           Necromancy                   1
   b - Animate Skeleton               Necromancy                   1
   c - Vampiric Draining              Necromancy                   3
   d - Regeneration                   Charms/Necromancy            3
   e - Animate Dead                   Necromancy                   4
   f - Control Undead                 Necromancy                   4
 t - a book of the Dragon

   Spells                             Type                      Level
   a - Flame Tongue                   Conjuration/Fire             1
   b - Cause Fear                     Hexes                        4
   c - Bolt of Fire                   Conjuration/Fire             6
   d - Dragon Form                    Transmutation                7
   e - Dragon's Call                  Summoning                    9
Comestibles
 d - 4 bread rations
 f - 7 chunks of flesh
 q - a slice of pizza


   Skills:
 - Level 3.5 Fighting
 + Level 5.1 Maces & Flails
 - Level 1.7 Dodging
 - Level 1.5 Stealth
 - Level 2.4 Spellcasting
 - Level 2.9 Necromancy


You had 6 spell levels left.
You knew the following spells:

 Your Spells              Type           Power        Failure   Level  Hunger
a - Pain                  Necr           ###.         1%          1    #......
b - Animate Skeleton      Necr           N/A          1%          1    #......


Dungeon Overview and Level Annotations

Branches:
Dungeon (4/15)
 Temple: D:4-7

Altars:
Qazlal
Uskayaw

Annotations:
D:3 Sigmund
D:4 Robin


Innate Abilities, Weirdness & Mutations

You are too large for most types of armour.
You have tough skin. (AC +1)
Your system is resistant to poisons. (rPois)
Your spells are a little easier to cast, but a little less powerful.
You expend magic power (3 MP) to strengthen your wands.


Message History

It was a potion of brilliance.
You feel clever all of a sudden.
You hear some strange, mumbled words.
A puff of flame appears from out of thin air!
The puff of flame hits you!
* * * LOW HITPOINT WARNING * * *
Unknown command.
You closely miss something. Something hits you.
* * * LOW HITPOINT WARNING * * *
Evoke which item? (* to show all) (? for menu, Esc to quit)
Okay, then.
You're too confused!
You're too confused!
Unknown command.
You bump into the rock wall.
Something hits you but does no damage.
You miss something.
You hear some strange, mumbled words.
A magic dart appears from out of thin air!
The magic dart hits you!
You die...

.#.# #.# #....##......##.##.#
.#.###.# #####........##........#
.......###....^.<....####....##.#
..####..ZZ...........####........
.## #.###............##........#
.# #.# #####...(##......##....#
.# #.# #.....###..###,....#
.#***#.# #...#...####,,,*#...
..,,,..# #..@##.....,,,***.##
##*,*### ##.##*#####**** *,#*
,,,,* ######g# #####** *,,, *****
#.....)## #...,,# *,**
*#.###...###.###(## *,,,
******#.................# ****
*,,,,,...#...........#..# *
*,****.,,#......##......#
*,**,,,....#._.###......#


You could see a goblin.

Vanquished Creatures
  2 orc wizards (D:4)
  2 adders (D:3)
  An ooze (D:2)
  A worm (D:2)
  A giant gecko (D:1)
  3 orcs (D:4)
  2 ball pythons
  4 bats
  2 giant cockroaches
  5 goblins
  4 hobgoblins
  5 jackals (D:2)
  4 quokkas
  2 giant newts
  5 kobolds
  5 rats
48 creatures vanquished.

Vanquished Creatures (collateral kills)
  2 adders
  2 orcs (D:4)
  A giant cockroach (D:1)
  A goblin (D:1)
  2 hobgoblins
  A jackal (D:2)
  2 bats
  2 rats (D:1)
13 creatures vanquished.

Grand Total: 61 creatures vanquished

Notes
Turn   | Place    | Note
-------+----------+-------------------------------------------
     0 | D:1      | Leszczynek the Ogre Necromancer began the quest for the Orb.
     0 | D:1      | Reached XP level 1. HP: 16/16 MP: 3/3
     2 | D:1      | Learned a level 1 spell: Animate Skeleton
    29 | D:1      | Reached skill level 1 in Fighting
   265 | D:1      | Reached skill level 2 in Fighting
   265 | D:1      | Reached XP level 2. HP: 24/28 MP: 5/5
   411 | D:1      | Reached skill level 3 in Fighting
   512 | D:1      | Reached XP level 3. HP: 21/37 MP: 6/6
   663 | D:2      | Reached skill level 1 in Maces & Flails
   851 | D:2      | Reached skill level 2 in Maces & Flails
  1018 | D:2      | Reached XP level 4. HP: 42/45 MP: 7/7
  1053 | D:3      | Reached skill level 3 in Maces & Flails
  1066 | D:3      | Noticed Sigmund
  1237 | D:3      | Found a stormy altar of Qazlal.
  1393 | D:4      | Reached skill level 4 in Maces & Flails
  1412 | D:4      | Reached XP level 5. HP: 37/53 MP: 3/8
  1442 | D:4      | Reached skill level 5 in Maces & Flails
  1574 | D:4      | Found a hide-covered altar of Uskayaw.
  1587 | D:4      | Noticed Robin
  1676 | D:4      | Gained mutation: You expend magic power (3 MP) to strengthen your wands. [potion of mutation]
  1676 | D:4      | Gained mutation: Your spells are a little easier to cast, but a little less powerful. [potion of mutation]
  1676 | D:4      | Gained mutation: Your system is resistant to poisons. (rPois) [potion of mutation]
  1681 | D:4      | Killed from afar by an orc wizard

Vault maps used:
D:1:      scummos_arrival_hexagon, minmay_misc_feat_hallway,
          minmay_misc_feat_secret_circle
D:2:      minmay_door_square, corexii_shack, minivault_26, grunt_ministairs_2
D:3:      grunt_qazlal_sundering, first_bread, uniq_sigmund
D:4:      overflow_temple_1_default, minmay_misc_feat_iff, uniq_robin

Skill      XL: |  1  2  3  4  5 |
---------------+----------------+-----
Fighting       | 2 3 |  3.5
Maces & Flails | 2 4 5 |  5.1
Dodging        | |  1.7
Stealth        | |  1.5
Spellcasting   | |  2.4
Necromancy     | |  2.9

Action                   |  1- 3 |  4- 6 || total
-------------------------+-------+-------++-------
Melee: Dagger            |    24 |       ||    24
       Unarmed           |    10 |       ||    10
       Short sword       |    37 |       ||    37
       Spear             |    26 |    68 ||    94
       Flail             |       |    10 ||    10
 Cast: Pain              |    34 |    18 ||    52
       Animate Skeleton  |    13 |     7 ||    20
  Use: Potion            |       |     8 ||     8
       Scroll            |       |     4 ||     4
 Stab: Sleeping          |     1 |       ||     1
       Distracted        |     1 |     1 ||     2
  Eat: Chunk             |     1 |     3 ||     4
Armor: Robe              |    51 |    15 ||    66
Dodge: Dodged            |    77 |    35 ||   112
